 Dungeon Crawl Stone Soup version 0.26-a0-652-gafc20e3620 (webtiles) character file.

Game seed: 14006885030111163046

75 DogServant the Skirmisher (level 4, 37/37 HPs)
             Began as a Demonspawn Berserker on Oct 2, 2020.
             Was a Believer of Trog.
             Quit the game on level 2 of the Dungeon.
             The game lasted 00:01:49 (1945 turns).

DogServant the Skirmisher (Demonspawn Berserker)    Turns: 1945, Time: 00:01:49

Health: 37/37      AC:  7    Str: 18    XL:     4   Next: 11%
Magic:  4/4        EV: 12    Int:  9    God:    Trog [**....]
Gold:   58         SH:  0    Dex: 12    Spells: 3/3 levels left

rFire    . . .     SeeInvis .   a - +0 hand axe
rCold    . . .     Faith    .   (no shield)
rNeg     . . .     Spirit   +   j - +0 leather armour
rPois    .         Reflect  .   (no helmet)
rElec    .         Harm     .   (no cloak)
rCorr    .         Rampage  .   (no gloves)
MR       .....                  (no boots)
Stlth    +.........             (no amulet)
HPRegen  0.12/turn              h - +4 ring of protection
MPRegen  0.18/turn              (no ring)

@: no status effects
A: claws 1, magic shield, magic regeneration
a: Berserk, Trog's Hand, Renounce Religion


You were on level 2 of the Dungeon.
You worshipped Trog.
Trog was pleased with you.
You visited 1 branch of the dungeon, and saw 2 of its levels.

You collected 58 gold pieces.

Inventory:

Hand Weapons
 a - a +0 hand axe (weapon)
Armour
 b - a +0 animal skin
 j - a +0 leather armour (worn)
Jewellery
 h - a +4 ring of protection (left claw)
Scrolls
 c - a scroll of noise {unknown}
 d - 3 scrolls of identify {unknown}
 g - a scroll of blinking {unknown}
 i - 2 scrolls of enchant weapon {unknown}
Potions
 e - 3 potions of haste {unknown}
 f - a potion of stabbing {unknown}
 k - a potion of curing {unknown}


   Skills:
 + Level 4.1 Fighting
 + Level 3.7 Axes
 - Level 1.7 Armour
 - Level 1.7 Dodging


You had 3 spell levels left.
You didn't know any spells.
Your spell library was empty.

Dungeon Overview and Level Annotations

Branches:
Dungeon (2/15)

Altars:
Qazlal


Innate Abilities, Weirdness & Mutations

You have sharp fingernails.
When hurt, damage is shared between your health and your magic reserves.
You regenerate magic rapidly.


Message History

No target in view!
You see here a worm corpse.
You start resting.
HP restored.
You start waiting.
Done waiting.
You see here a worm corpse.
Things that are here:
a +0 club; a hobgoblin corpse
Things that are here:
a +0 short sword; a kobold corpse As you open the door, it creaks loudly!
There is an open door here.
Found 11 stones.
Found a stone staircase leading down.
i - 2 scrolls labeled XIF MILISYTU (gained 1)
A dart slug comes into view.
A dart slug is nearby!
A dart slug is nearby!
Are you sure you want to abandon this character and quit the game? (Confirm with "yes".)

...............#.#
..##.###..####.#.##
..............>...#
.....#.......#.#..#
##.#.#.#######.# ...
...............#####.
#####.......#......#
#..####.#.####.# # ..
#.#.#.@..# +
#.#.....## #
#..........#
#.#........#
###.#.##.# ..#.# w#
##.#.# .# ....# .. #.
.#


You could see a dart slug.

Vanquished Creatures
  3 adders (D:2)
  A worm (D:2)
  A dart slug (D:1)
  A leopard gecko (D:1)
  2 giant cockroaches
  8 hobgoblins
  3 jackals (D:2)
  5 kobolds
  3 bats
  2 frilled lizards
  5 goblins
  6 rats
40 creatures vanquished.

Notes
Turn   | Place    | Note
-------+----------+-------------------------------------------
     0 | D:1      | DogServant the Demonspawn Berserker began the quest for the
                  | Orb.
     0 | D:1      | Reached XP level 1. HP: 18/18 MP: 1/1
   423 | D:1      | Gained mutation: When hurt, damage is shared between your
                  | health and your magic reserves. [demonic ancestry]
   423 | D:1      | Reached XP level 2. HP: 23/24 MP: 2/2
   888 | D:1      | Reached ** piety under Trog
  1140 | D:2      | Gained mutation: You regenerate magic rapidly. [demonic
                  | ancestry]
  1140 | D:2      | Reached XP level 3. HP: 28/29 MP: 3/3
  1149 | D:2      | Found a stormy altar of Qazlal.
  1150 | D:2      | Noticed an air elemental
  1156 | D:2      | Noticed an earth elemental
  1159 | D:2      | Noticed a water elemental
  1159 | D:2      | Noticed a fire elemental
  1512 | D:2      | Reached skill level 4 in Fighting
  1688 | D:2      | Gained mutation: You have sharp fingernails. [demonic
                  | ancestry]
  1688 | D:2      | Reached XP level 4. HP: 34/37 MP: 4/4
  1945 | D:2      | Quit the game

Illustrated notes

Levels and vault maps discovered:
D:1:      minmay_arrival_diagonal_passages, layout_loops_cross, minivault_11
D:2:      layout_basic, lemuel_round_altar, nicolae_qazlal_style_of_elements,
          kennysheep_minor_cross

Skill      XL: |  1  2  3 |
---------------+----------+-----
Axes           | 3 |  3.7
Fighting       | 4 |  4.1
Armour         | |  1.7
Dodging        | |  1.7

Action                   |  1- 3 |  4- 6 || total
-------------------------+-------+-------++-------
Melee: Hand axe          |   127 |    13 ||   140
 Stab: Sleeping          |     2 |       ||     2
Armor: Animal skin       |    20 |       ||    20
       Leather armour    |    11 |     3 ||    14
Dodge: Dodged            |   113 |     8 ||   121

Table legend: (Time is in decaauts)
 A = Elapsed time spent in this place.
 B = Non-inter-level travel time spent in this place.
 C = Inter-level travel time spent in this place.
 D = Time resting spent in this place.
 E = Time spent auto-exploring this place.
 F = Levels seen in this place.
 G = Mean time per level.
                   A        B        C        D        E       F      G
               +--------+--------+--------+--------+--------+-----+--------+
         Total |   1962 |   1920 |     42 |    162 |   1462 |   2 |  981.0 |
       Dungeon |   1962 |   1920 |     42 |    162 |   1462 |   2 |  981.0 |
               +--------+--------+--------+--------+--------+-----+--------+

Top non-repeatable levels by time:
     D:1: 1127 daAuts
     D:2: 835 daAuts
